 Dungeon Crawl Stone Soup version 0.21.0 (webtiles) character file.

363586 KamiKatze the Executioner (level 21, -2/201 HPs)
             Began as a Minotaur Berserker on Jan 5, 2018.
             Was the Champion of Trog.
             Blown up by a lich (83 damage)
             ... with an orb of destruction
             ... on level 2 of the Depths on Jan 6, 2018.
             The game lasted 05:14:02 (52055 turns).

KamiKatze the Executioner (Minotaur Berserker)     Turns: 52055, Time: 05:14:02

Health: -2/201     AC: 28    Str: 29    XL:     21   Next: 54%
Magic:  6/6        EV: 17    Int:  4    God:    Trog [******]
Gold:   301        SH:  0    Dex: 13    Spells: 20/20 levels left

rFire    . . .     SeeInvis +   a - +7 battleaxe (antimagic)
rCold    + + .     Gourm    .   (shield currently unavailable)
rNeg     . . .     Faith    .   R - +2 plate armour {MR+}
rPois    +         Spirit   .   X - +1 hat {SInv}
rElec    +         Reflect  .   O - scarf {repulsion}
rCorr    .         Harm     .   Q - +1 pair of gloves
MR       +++++                  i - +2 pair of boots {run}
Stlth    ..........             D - amulet of regeneration
HPRegen  1.83/turn              n - ring "Yqe Amou" {rElec rC++ MR+}
MPRegen  0.10/turn              H - ring of poison resistance

@: regenerating, drained, repel missiles, quick
A: retaliatory headbutt, horns 2
}: 2/15 runes: decaying, gossamer
a: Berserk, Trog's Hand, Brothers in Arms, Burn Spellbooks, Renounce Religion


You were on level 2 of the Depths.
You worshipped Trog.
Trog was exalted by your worship.
You were not hungry.

You visited 9 branches of the dungeon, and saw 39 of its levels.
You visited the Abyss 1 time.
You visited 1 bazaar.
You also visited: Ice Cave.

You collected 3905 gold pieces.
You spent 3604 gold pieces at shops.

Inventory:

Hand Weapons
 a - a +7 antimagic battleaxe (weapon)
 b - a +3 executioner's axe of venom
 q - the +7 battleaxe "Buall" {protect, rF+ MR+ Dex-2}
   (Trog gifted it to you on level 3 of the Vaults)

   It protects the one who uses it against injury (+AC on strike).
   It affects your dexterity (-2).
   It protects you from fire.
   It affects your resistance to hostile enchantments.
 w - a +1 war axe of flaming
Missiles
 d - 6 tomahawks of dispersal
 m - 57 tomahawks (quivered)
 J - 3 throwing nets
 L - 18 javelins
Armour
 i - a +2 pair of boots of running (worn)
 O - a scarf of repulsion (worn)
 Q - a +1 pair of gloves (worn)
 R - a +2 plate armour of magic resistance (worn)
 U - the +3 hat "Ostrosiwa" {MR++ Str+3 Int+2 Stlth-}
   (You found it on level 2 of the Vaults)

   It affects your strength (+3).
   It affects your intelligence (+2).
   It affects your resistance to hostile enchantments.
   It makes you less stealthy.
 X - a +1 hat of see invisible (worn)
Jewellery
 n - the ring "Yqe Amou" (left hand) {rElec rC++ MR+}
   (You bought it in a shop on level 2 of the Orcish Mines)

   [ring of protection from magic]

   It greatly protects you from cold.
   It insulates you from electricity.
   It affects your resistance to hostile enchantments.
 y - an uncursed ring of protection from cold
 D - an amulet of regeneration (around neck)
 F - an uncursed ring of see invisible
 G - a +3 amulet of reflection
 H - a ring of poison resistance (right hand)
 S - an uncursed ring of protection from fire
 W - an uncursed ring of resist corrosion
Wands
 e - a wand of clouds (3)
 g - a wand of flame (70)
 r - a wand of iceblast (57)
 A - a wand of disintegration (12)
 B - a wand of scattershot (6)
 C - a wand of acid (5)
 V - a wand of digging (22)
Scrolls
 h - 5 scrolls of fear
 k - 13 scrolls of identify
 t - a scroll of immolation
 v - 3 scrolls of fog
 x - 8 scrolls of remove curse
 E - 6 scrolls of magic mapping
 I - 3 scrolls of blinking
 K - 3 scrolls of silence
 M - a scroll of enchant weapon
 P - a scroll of enchant armour
 T - 13 scrolls of teleportation
Potions
 f - 2 potions of agility
 j - a potion of berserk rage
 l - 9 potions of lignification
 o - 10 potions of curing
 p - a potion of invisibility
 s - 6 potions of ambrosia
 z - 4 potions of resistance
 N - 3 potions of haste
 Y - 2 potions of might
 Z - 3 potions of flight
Comestibles
 c - 55 rations
 u - 14 chunks of flesh


   Skills:
 + Level 20.2(18.8) Fighting
 * Level 26.6(24.9) Axes
 + Level 20.2(18.7) Armour
 + Level 18.8(17.4) Dodging


You had 20 spell levels left.
You didn't know any spells.

Dungeon Overview and Level Annotations

Branches:
Dungeon (15/15)            Temple (1/1) D:4            Lair (6/6) D:8
  Swamp (4/4) Lair:2       Spider (4/4) Lair:3        Slime (1/5) Lair:5
    Orc (2/2) D:11            Elf (0/3) Orc:2        Vaults (4/5) D:14
  Crypt (0/3) Vaults:3     Depths (2/5) D:15

Altars:
Ashenzari
Cheibriados
Dithmenos
Elyvilon
Fedhas
Gozag
Hepliaklqana
Kikubaaqudgha
Makhleb
Nemelex Xobeh
Okawaru
Qazlal
Ru
Sif Muna
Trog
Uskayaw
Vehumet
Wu Jian
Xom
Yredelemnul
Zin
The Shining One
Beogh
Jiyva
Lugonu

Shops:
D:4 ((=%(   D:5 :   D:10 :   D:14 (   Orc:1 }   Orc:2 !:==   Vaults:1 [
Vaults:2 ![[}   Depths:1 (*[([

Portals:
Hell: Depths:1 Depths:2
Pandemonium: Depths:1
Trove: Vaults:1 (lose all piety)

Annotations:
Lair:3 exclusion: 2 oklob plants


Innate Abilities, Weirdness & Mutations

You reflexively headbutt those who attack you in melee.
You have a pair of horns on your head.


Message History

The spriggan defender seems to grow stronger.
Things that are here:
an enchanted war axe; a chain mail The spriggan defender hits you with a demon whip of draining!!
You feel drained. The lich casts a spell at you.
The bolt of lightning misses you.
You hit the spriggan defender.
Your headbutt misses the spriggan defender.
The spriggan defender is lightly wounded.
The spriggan defender completely misses you.
You furiously retaliate!
You headbutt the spriggan defender!
The lich conjures a glowing orb.
An orb of destruction comes into view.
The spriggan defender hits you with a demon whip of draining!
You feel drained.
You hit the lich but do no damage.
The spriggan defender blocks your attack.
The orb of destruction hits you!
You die...

#### ###..#...........##..#.#
#..#.#....###+#......#.#
###..#....# .#.###.##.# #....#..
.###.#.# #.##.# ##...#.#
.....#.###.##.# #########..#.#.#
.....#.#......#
.............).##§.## #.#.#.#..#
................§L..# #.#.#.#..#
...............i@...# #.#.#..#
.####.##.########.......#.#.#..#
......... ...##.##.#.#..#
.###...#. ...##.##.#.##.#
......## ...##.##.#.#####
.....## ...##.#..#.#...# .....#
...##.#.##.#.#.# ...#.#
...##.#..#.#.#.# ..##.#
#.##.#.#.#.#


You could see a lich and a spriggan defender.

Vanquished Creatures
  Mara (Swamp:3)
  the Lernaean hydra (Swamp:4)
  Xtahua (Vaults:4)
  Nikola (Vaults:2)
  Arachne (Spider:2)
  A bone dragon (Abyss:1)
  A hellephant (Abyss:1)
  A lich (Vaults:2)
  Jorgrun (Spider:4)
  A quicksilver dragon (Depths:2)
  A titan (Depths:2)
  A sphinx (Depths:2)
  4 thorn hunters
  Frances (Swamp:1)
  Gastronok (Lair:3)
  Roxanne (D:14)
  2 tengu reavers
  Donald (Swamp:1)
  3 frost giants
  A fire giant (Depths:2)
  6 ghost moths
  3 emperor scorpions
  10 vault wardens
  A deep elf sorcerer (Vaults:3)
  A balrug (Depths:1)
  2 orc warlords
  A ghoul (Vaults:3)
  6 very ugly things
  11 stone giants
  9 ironheart preservers
  4 vampire knights
  A deep elf annihilator (Vaults:4)
  2 entropy weavers
  3 deep elf demonologists (Vaults:3)
  A white draconian (IceCv)
  4 spark wasps
  3 ettins
  Josephine (D:13)
  A jiangshi (Vaults:3)
  13 yaktaur captains
  2 fire dragons (Depths:1)
  12 vault guards
  2 great orbs of eyes
  A rakshasa (Vaults:2)
  7 ice dragons
  26 two-headed ogres
  28 hydras
  A merfolk avatar (Lair:6)
  A spriggan air mage (Depths:2)
  12 centaur warriors
  8 ogre magi
  2 deep troll earth magi
  5 death yaks
  9 alligators
  2 death knights
  A deep troll shaman (Depths:2)
  7 tengu warriors
  2 vampire magi (Depths:1)
  A spriggan berserker (Depths:2)
  A thrashing horror (Abyss:1)
  5 orc high priests
  2 sun demons (Depths:1)
  2 wretched stars (Abyss:1)
  Sonja (D:13)
  7 deep elf knights
  3 shadow wraiths
  5 skeletal warriors (Vaults:2)
  A sea snake (Lair:6)
  2 spriggan druids
  2 unseen horrors
  2 glowing orange brains
  6 deep elf archers
  10 swamp dragons
  5 shambling mangroves
  3 phantasmal warriors
  2 starcursed masses (Abyss:1)
  12 deep trolls
  A wizard (Vaults:3)
  11 orc knights
  9 ironbrand convokers
  9 harpies
  28 orb spiders
  15 deep elf magi
  The ghost of jehirs the Covert, a novice TeEn of Dithmenos (D:9)
  5 orc sorcerers (Orc:2)
  36 wolf spiders
  A necromancer (Vaults:4)
  2 moths of wrath
  30 ugly things
  3 cyclopes
  11 elephants
  3 manticores
  A wolf spider zombie (D:14)
  2 worldbinders (Abyss:1)
  3 naga magi (Vaults:2)
  8 vault sentinels
  2 torpor snails
  2 ice statues (IceCv)
  2 black mambas
  A storm dragon simulacrum (Vaults:4)
  Psyche (D:8)
  An orange demon (Abyss:1)
  A gargoyle (D:12)
  3 large abominations (Abyss:1)
  18 spiny frogs
  11 komodo dragons
  8 rime drakes
  4 freezing wraiths
  A kobold demonologist (D:14)
  A rime drake (shapeshifter) (Vaults:3)
  An efreet (Abyss:1)
  24 demonic crawlers
  48 yaktaurs
  2 tengu conjurers
  10 trolls
  A hellwing (Abyss:1)
  2 human skeletons (Vaults:4)
  A queen bee (D:10)
  A wind drake (Lair:6)
  23 hornets
  31 jumping spiders
  A jumping spider (shapeshifter) (Vaults:2)
  19 polar bears
  7 tyrant leeches
  A hippogriff (shapeshifter) (Vaults:1)
  A raiju (Abyss:1)
  16 slime creatures
  10 hippogriffs
  18 blink frogs
  15 bog bodies
  18 dream sheep
  5 shadows
  Sigmund (D:5)
  76 redbacks
  9 wraiths
  A yak (shapeshifter) (Vaults:1)
  7 spriggans
  42 tarantellas
  3 water elementals
  A basilisk (Lair:2)
  4 wyverns
  35 yaks
  16 vampire mosquitoes
  2 chaos spawn (Abyss:1)
  2 hungry ghosts
  A steam dragon (D:10)
  An acid dragon (Vaults:1)
  Edmund (D:5)
  A soldier ant (shapeshifter) (Vaults:4)
  7 wargs
  21 swamp worms
  22 insubstantial wisps
  14 water moccasins
  7 porcupines
  9 swamp drakes
  A hornet zombie (D:4)
  A black bear (D:6)
  4 ice beasts
  58 orc warriors
  5 boggarts (D:13)
  3 phantoms
  2 necrophages
  An ettin simulacrum (Vaults:3)
  5 wolves (IceCv)
  15 centaurs
  42 ogres
  An elf skeleton (Vaults:4)
  9 crocodiles
  2 big kobolds (D:14)
  18 bullfrogs
  2 scorpions
  28 killer bees
  2 small abominations (Abyss:1)
  10 wights
  3 electric eels (D:12)
  6 crimson imps
  2 human simulacra
  4 centaur zombies
  4 hounds
  2 quasits
  A centaur skeleton (D:5)
  2 jellies
  36 orc wizards
  A bullfrog skeleton (D:12)
  34 orc priests
  A gnoll shaman (D:8)
  Crazy Yiuf (D:5)
  An iron imp (Abyss:1)
  3 iguanas
  7 worker ants
  11 adders
  3 gnolls (D:8)
  3 shadow imps
  12 white imps (Lair:5)
  An ufetubus (Abyss:1)
  3 oozes
  2 adder skeletons
  2 adder zombies
  2 worms
  2 dart slugs
  5 leopard geckos
  143 orcs
  7 giant cockroaches
  4 goblins
  8 hobgoblins
  16 jackals
  5 quokkas
  A ball python (D:2)
  5 bats
  4 frilled lizards
  A jackal skeleton (D:6)
  7 kobolds
  A leopard gecko skeleton (D:6)
  A leopard gecko zombie (D:9)
  6 rats
  2 briar patches (Swamp:3)
  4 fungi
  4 plants
1664 creatures vanquished.

Vanquished Creatures (others)
  A frost giant (Depths:1)
  A vampire mage (Vaults:3)
  A deep elf mage (Vaults:4)
  A torpor snail (Spider:3)
  A quokka (D:9)
  A bush (Swamp:4)
  31 fungi
  24 plants
61 creatures vanquished.

Grand Total: 1725 creatures vanquished

Notes
Turn   | Place    | Note
-------+----------+-------------------------------------------
     0 | D:1      | KamiKatze the Minotaur Berserker began the quest for the Orb.
     0 | D:1      | Reached XP level 1. HP: 19/19 MP: 0/0
    33 | D:1      | Reached skill level 4 in Axes
    33 | D:1      | Reached XP level 2. HP: 23/27 MP: 1/1
   117 | D:1      | Found a shattered altar of Ashenzari.
   533 | D:1      | Reached XP level 3. HP: 27/33 MP: 2/2
   840 | D:2      | Found a radiant altar of Vehumet.
   893 | D:2      | Reached ** piety under Trog
  1341 | D:2      | Reached XP level 4. HP: 35/40 MP: 3/3
  1537 | D:2      | Found an ancient bone altar of Kikubaaqudgha.
  1687 | D:3      | Reached skill level 5 in Axes
  1702 | D:3      | Reached XP level 5. HP: 31/47 MP: 4/4
  1712 | D:3      | Found a sparkling altar of Nemelex Xobeh.
  2158 | D:4      | Found Cabliy's Antique Weapon Boutique.
  2163 | D:4      | Reached *** piety under Trog
  2376 | D:4      | Found Neofoz's Food Shop.
  2378 | D:4      | Found a staircase to the Ecumenical Temple.
  2391 | Temple   | Entered the Ecumenical Temple
  2564 | D:4      | Found Fyal's Antique Weapon Shop.
  2688 | D:4      | Found a shimmering altar of Xom.
  2731 | D:4      | Found Qawkeluhupp's Jewellery Shop.
  2775 | D:4      | Reached skill level 5 in Fighting
  2775 | D:4      | Reached skill level 6 in Axes
  2775 | D:4      | Reached XP level 6. HP: 30/56 MP: 5/5
  2832 | D:4      | Found Yghuyl's Weapon Shop.
  3106 | D:5      | Entered Level 5 of the Dungeon
  3120 | D:5      | Found an ornate altar of the Wu Jian Council.
  3200 | D:5      | Noticed Edmund
  3215 | D:5      | Killed Edmund
  3215 | D:5      | Reached XP level 7. HP: 43/61 MP: 6/6
  3290 | D:5      | Reached skill level 7 in Axes
  3319 | D:5      | Found a runed door.
  3366 | D:5      | Found a snail-covered altar of Cheibriados.
  3404 | D:5      | Found Vaumn's Book Boutique.
  3406 | D:5      | Noticed Sigmund
  3432 | D:5      | Killed Sigmund
  3432 | D:5      | Reached skill level 5 in Armour
  3598 | D:5      | Reached skill level 5 in Dodging
  3598 | D:5      | Reached XP level 8. HP: 53/70 MP: 7/7
  3607 | D:5      | Reached skill level 8 in Axes
  3968 | D:5      | Noticed Crazy Yiuf
  3973 | D:5      | Killed Crazy Yiuf
  4333 | D:6      | Reached **** piety under Trog
  4344 | D:6      | Reached skill level 9 in Axes
  4507 | D:6      | Found a glowing golden altar of the Shining One.
  4664 | D:6      | Found a stormy altar of Qazlal.
  5179 | D:6      | Found a shadowy altar of Dithmenos.
  5426 | D:7      | Reached XP level 9. HP: 79/79 MP: 8/8
  5462 | D:7      | Found a basalt altar of Yredelemnul.
  5535 | D:7      | Found a sacrificial altar of Ru.
  5903 | D:7      | Reached skill level 10 in Axes
  6056 | D:8      | Found a bloodstained altar of Trog.
  6056 | D:8      | Noticed a yaktaur
  6056 | D:8      | Noticed Psyche
  6139 | D:8      | Found a roughly hewn altar of Beogh.
  6304 | D:8      | Noticed a two-headed ogre
  6351 | D:7      | Killed a two-headed ogre
  6351 | D:7      | Reached skill level 11 in Axes
  6511 | D:8      | Found a burning altar of Makhleb.
  6511 | D:8      | Noticed a green death
  6515 | D:8      | Noticed a hellwing
  6531 | D:8      | Reached XP level 10. HP: 59/90 MP: 9/9
  6599 | D:8      | Found a white marble altar of Elyvilon.
  6648 | D:8      | Found a staircase to the Lair.
  6653 | D:8      | Found a glowing silver altar of Zin.
  6764 | D:8      | Found a transporter.
  6764 | D:8      | Found a transporter.
  6765 | D:8      | Noticed a deep elf mage
  6804 | D:8      | Found a hazy altar of Hepliaklqana.
  6819 | D:8      | Killed Psyche
  7062 | D:9      | Noticed jehirs's ghost (novice TeEn)
  7073 | D:9      | Killed jehirs's ghost
  7263 | D:9      | Reached skill level 12 in Axes
  7627 | D:9      | Noticed a deep elf mage
  7641 | D:9      | Killed a deep elf mage
  7802 | D:9      | Found a blossoming altar of Fedhas.
  8046 | D:10     | Entered Level 10 of the Dungeon
  8087 | D:10     | Reached ***** piety under Trog
  8265 | D:4      | Bought an uncursed ring of poison resistance for 240 gold pieces
  8313 | D:4      | Bought a +1 war axe of flaming for 172 gold pieces
  8523 | D:10     | Reached XP level 11. HP: 83/99 MP: 10/10
  8540 | D:10     | Reached skill level 13 in Axes
  8583 | D:10     | Noticed a two-headed ogre
  8600 | D:10     | Killed a two-headed ogre
  8600 | D:10     | Reached skill level 10 in Fighting
  9285 | D:10     | Found Afoz's Book Emporium.
  9793 | D:11     | Noticed a cyan ugly thing
 10203 | Lair:1   | Entered Level 1 of the Lair of Beasts
 10332 | Lair:1   | Reached skill level 10 in Armour
 11071 | Lair:2   | Reached skill level 14 in Axes
 11437 | Lair:2   | Found a staircase to the Swamp.
 11612 | Lair:3   | Noticed a six-headed hydra
 11620 | Lair:3   | Killed a two-headed hydra
 11630 | Lair:3   | Noticed an eight-headed hydra
 11636 | Lair:3   | Killed a five-headed hydra
 11738 | Lair:3   | Noticed Gastronok
 11755 | Lair:3   | Killed Gastronok
 11755 | Lair:3   | Reached skill level 10 in Dodging
 11755 | Lair:3   | Reached XP level 12. HP: 71/110 MP: 11/11
 11769 | Lair:3   | Noticed a six-headed hydra
 11795 | Lair:3   | Killed a two-headed hydra
 11842 | Lair:3   | Received a gift from Trog
 11967 | Lair:3   | Reached skill level 15 in Axes
 11985 | Lair:3   | Found a hole to the Spider Nest.
 12413 | Lair:4   | Noticed a five-headed hydra
 12424 | Lair:4   | Killed a one-headed hydra
 12496 | Lair:4   | Noticed a five-headed hydra
 12505 | Lair:4   | Killed a one-headed hydra
 12979 | Lair:4   | Reached skill level 16 in Axes
 13218 | Lair:5   | Noticed a six-headed hydra
 13219 | Lair:5   | Noticed a five-headed hydra
 13226 | Lair:5   | Killed a one-headed hydra
 13230 | Lair:5   | Killed a one-headed hydra
 13230 | Lair:5   | Reached XP level 13. HP: 102/118 MP: 12/12
 13266 | Lair:5   | Found a staircase to the Slime Pits.
 13267 | Lair:5   | Found a viscous altar of Jiyva.
 13389 | Lair:5   | Found a frozen archway.
 13418 | IceCv    | Entered an ice cave
 13805 | IceCv    | Noticed a white draconian
 13842 | IceCv    | Killed a white draconian
 14236 | IceCv    | Received a gift from Trog
 14523 | Lair:5   | Reached skill level 17 in Axes
 14912 | Lair:6   | Entered Level 6 of the Lair of Beasts
 15693 | D:11     | Found a staircase to the Orcish Mines.
 16461 | D:12     | Found the +5 pair of quick blades "Gyre" and "Gimble" {pierce, Dex-3}
 16501 | D:12     | Reached XP level 14. HP: 119/129 MP: 13/13
 16680 | D:12     | Reached ****** piety under Trog
 16786 | D:12     | Received a gift from Trog
 17340 | Orc:1    | Entered Level 1 of the Orcish Mines
 17342 | Orc:1    | Noticed an orc warlord
 17344 | Orc:2    | Entered Level 2 of the Orcish Mines
 17509 | D:11     | Killed an orc warlord
 17509 | D:11     | Reached skill level 18 in Axes
 18120 | Orc:2    | Received a gift from Trog
 18131 | Orc:2    | Got an ichor-stained great mace {god gift}
 18471 | Orc:1    | Found Ynerch's Gadget Shoppe.
 18505 | Orc:1    | Found a roughly hewn altar of Beogh.
 18696 | Orc:2    | Found a roughly hewn altar of Beogh.
 18936 | Orc:2    | Found Jyddej's Jewellery Boutique.
 19360 | Orc:2    | Found Gyikush's Jewellery Shop.
 19491 | Orc:2    | Paralysed by an orc sorcerer for 4 turns
 19786 | Orc:2    | Paralysed by an orc sorcerer for 2 turns
 19801 | Orc:2    | Received a gift from Trog
 19909 | Orc:2    | Found a staircase to the Elven Halls.
 20156 | Orc:2    | Noticed an orc warlord
 20297 | Orc:2    | Killed an orc warlord
 20301 | Orc:2    | Identified the +3 great mace "Xutikh" {flame, Fragile rElec rC+++ Str-4 Int+6} (Trog gifted it to you on level 2 of the Orcish Mines)
 20605 | Orc:2    | Received a gift from Trog
 20755 | Orc:2    | Found Qonte's Book Shoppe.
 21025 | Orc:2    | Found a roughly hewn altar of Beogh.
 21041 | Orc:2    | Found Sysoseleus's Distillery.
 21144 | Orc:2    | Bought an uncursed ring of see invisible for 210 gold pieces
 22036 | D:13     | Reached skill level 19 in Axes
 22058 | D:13     | Noticed Sonja
 22060 | D:13     | Killed Sonja
 22123 | D:13     | Noticed Josephine
 22135 | D:13     | Killed Josephine
 22146 | D:13     | Reached XP level 15. HP: 134/139 MP: 14/14
 22779 | D:14     | Noticed Roxanne
 22993 | D:14     | Received a gift from Trog
 23098 | D:14     | Found a gate to the Vaults.
 23117 | D:14     | Found Panoe's Weapon Boutique.
 23466 | D:15     | Entered Level 15 of the Dungeon
 23634 | D:15     | Found a staircase to the Depths.
 23634 | D:15     | Noticed a frost giant
 23642 | D:15     | Killed a frost giant
 24554 | Lair:2   | Identified a +2 pair of boots of running (You found it on level 2 of the Lair of Beasts)
 24735 | Lair:5   | Reached skill level 15 in Fighting
 24988 | Lair:6   | Reached skill level 20 in Axes
 25035 | Lair:5   | You fall through a shaft!
 25331 | Lair:6   | Reached skill level 15 in Armour
 25423 | Lair:6   | Received a gift from Trog
 26065 | Swamp:1  | Entered Level 1 of the Swamp
 26127 | Spider:1 | Entered Level 1 of the Spider Nest
 26400 | Swamp:1  | Noticed Frances
 26587 | Swamp:1  | Noticed Donald
 26603 | Swamp:1  | Killed Donald
 26603 | Swamp:1  | Reached XP level 16. HP: 98/149 MP: 5/15
 26732 | Swamp:1  | Noticed a thorn hunter
 26744 | Swamp:1  | Killed a thorn hunter
 26845 | Swamp:1  | Killed Frances
 27512 | Swamp:2  | Noticed a thorn hunter
 27530 | Swamp:2  | Killed a thorn hunter
 28196 | Swamp:2  | Received a gift from Trog
 28655 | Swamp:3  | Reached skill level 21 in Axes
 28775 | Swamp:3  | Noticed a thorn hunter
 28791 | Swamp:3  | Killed a thorn hunter
 29536 | Swamp:3  | Noticed Mara
 29591 | Swamp:3  | Noticed KamiKatze's illusion
 30022 | Swamp:3  | Killed Mara
 30250 | Swamp:4  | Entered Level 4 of the Swamp
 30273 | Swamp:4  | Received a gift from Trog
 30748 | Swamp:4  | Reached skill level 15 in Dodging
 31209 | Swamp:4  | Noticed a thorn hunter
 31250 | Swamp:4  | Reached XP level 17. HP: 150/159 MP: 16/16
 31618 | Swamp:4  | Noticed the 27-headed Lernaean hydra
 31627 | Swamp:4  | Killed the 22-headed Lernaean hydra
 31799 | Swamp:4  | Got a decaying rune of Zot
 32051 | Swamp:4  | Reached skill level 22 in Axes
 32631 | Slime:1  | Entered Level 1 of the Pits of Slime
 32762 | Spider:1 | Received a gift from Trog
 34438 | Spider:2 | Received a gift from Trog
 35543 | Spider:2 | Noticed Arachne
 35557 | Spider:2 | Killed Arachne
 36465 | Spider:3 | Reached XP level 18. HP: 150/170 MP: 17/17
 36829 | Spider:3 | Received a gift from Trog
 37348 | Spider:3 | Reached skill level 23 in Axes
 37414 | Spider:4 | Entered Level 4 of the Spider Nest
 38603 | Orc:2    | Bought the ring "Yqe Amou" {rElec rC++ MR+} for 791 gold pieces
 38941 | Spider:4 | Noticed Jorgrun
 38966 | Spider:4 | Killed Jorgrun
 39150 | Spider:4 | Received a gift from Trog
 39808 | Spider:4 | Upgraded the game from 0.21-b1-23-g1fb0a74c36 to 0.21.0
 40722 | Spider:4 | Got a gossamer rune of Zot
 40933 | Lair:3   | You fall through a shaft!
 41062 | Lair:1   | Identified a scroll of acquirement
 41063 | Lair:1   | Got a spiked hat
 41074 | Lair:1   | Identified the +4 hat of Bauhud {rElec rPois Int-3 Dex+9} (You acquired it on level 1 of the Lair of Beasts)
 41373 | Vaults:1 | Entered Level 1 of the Vaults
 41633 | Vaults:1 | Received a gift from Trog
 41645 | Vaults:1 | Found a portal to a secret trove of treasure.
 41772 | Vaults:1 | Found Tunieh's Antique Armour Shop.
 42481 | Vaults:1 | Reached XP level 19. HP: 157/179 MP: 18/18
 42785 | Vaults:1 | Reached skill level 24 in Axes
 43317 | Vaults:2 | Found a radiant altar of Vehumet.
 43317 | Vaults:2 | Noticed a lich
 43324 | Vaults:2 | Killed a lich
 43331 | Vaults:2 | Got a shimmering hat
 43334 | Vaults:2 | Got a transparent hat
 43437 | Vaults:2 | Identified the +3 hat "Ostrosiwa" {MR++ Str+3 Int+2 Stlth-} (You found it on level 2 of the Vaults)
 43456 | Vaults:2 | Identified the +4 hat of the Guilds {Str+5 Int-3} (You found it on level 2 of the Vaults)
 43755 | Vaults:2 | Received a gift from Trog
 43988 | Vaults:2 | Found Mynlisoj's Distillery.
 44181 | Vaults:2 | Found Woatwaat's Armour Shoppe.
 44227 | Vaults:2 | Noticed Nikola
 44239 | Vaults:2 | Killed Nikola
 44300 | Vaults:2 | Paralysed by a hornet for 1 turns
 44604 | Vaults:2 | Found Juaphac's Gadget Boutique.
 44738 | Vaults:2 | Found Bier's Antique Armour Emporium.
 44896 | Vaults:3 | Received a gift from Trog
 45340 | Vaults:3 | Reached skill level 25 in Axes
 45513 | Vaults:3 | Reached XP level 20. HP: 152/191 MP: 19/19
 45913 | Vaults:3 | Received a gift from Trog
 46185 | Vaults:3 | Got a jewelled battleaxe {god gift}
 46186 | Vaults:3 | Identified the +7 battleaxe "Buall" {protect, rF+ MR+ Dex-2} (Trog gifted it to you on level 3 of the Vaults)
 46649 | Vaults:3 | Found a staircase to the Crypt.
 47145 | Vaults:4 | Noticed Xtahua
 47157 | Vaults:4 | Killed Xtahua
 47190 | Vaults:4 | Received a gift from Trog
 48077 | Vaults:4 | Received a gift from Trog
 48226 | Vaults:4 | Cast into level 1 of the Abyss (orc knight)
 48230 | Abyss:1  | Found a corrupted altar of Lugonu.
 48370 | Abyss:1  | Noticed a bone dragon
 48374 | Abyss:1  | Found a corrupted altar of Lugonu.
 48436 | Abyss:1  | Noticed a bone dragon
 48451 | Abyss:1  | Killed a bone dragon
 48537 | Abyss:1  | Reached skill level 26 in Axes
 48621 | Vaults:4 | Escaped the Abyss
 49003 | Vaults:4 | Reached XP level 21. HP: 174/200 MP: 20/20
 49574 | Vaults:1 | Bought a runed plate armour for 962 gold pieces
 50135 | D:14     | Killed Roxanne
 50136 | D:14     | Identified Roxanne's Almanac of Changing (You took it off Roxanne on level 14 of the Dungeon)
 50219 | Depths:1 | Entered Level 1 of the Depths
 50291 | Depths:1 | Found a gateway to a bazaar.
 50567 | Depths:1 | Found Umilien's Weapon Shoppe.
 50570 | Depths:1 | Found Dim Bore's Weapon Emporium.
 50570 | Depths:1 | Found Gaakhal's Armour Shoppe.
 50609 | Depths:1 | Found Gatosech's Armour Emporium.
 50664 | Bazaar   | Entered a bazaar
 50664 | Bazaar   | Found Hahawko's Weapon Shop.
 50664 | Bazaar   | Found Sianop's Magic Scroll Boutique.
 50664 | Bazaar   | Found Bunapryokhli's Food Boutique.
 50664 | Bazaar   | Found Abruj's Magic Scroll Boutique.
 50664 | Bazaar   | Found Becotsa's Magic Scroll Shop.
 50680 | Bazaar   | Bought a scroll of teleportation for 45 gold pieces
 50682 | Bazaar   | Bought a scroll of teleportation for 24 gold pieces
 50682 | Bazaar   | Bought a scroll of identify for 16 gold pieces
 50682 | Bazaar   | Bought a scroll of enchant weapon for 60 gold pieces
 50682 | Bazaar   | Bought a scroll of enchant armour for 60 gold pieces
 50682 | Bazaar   | Bought a scroll of blinking for 60 gold pieces
 50682 | Bazaar   | Bought a scroll of teleportation for 24 gold pieces
 50682 | Bazaar   | Bought a scroll of magic mapping for 28 gold pieces
 50682 | Bazaar   | Bought a scroll of magic mapping for 28 gold pieces
 50685 | Bazaar   | Bought a scroll of acquirement for 884 gold pieces
 50697 | Depths:1 | Got a pair of pitted boots
 50708 | Depths:1 | Identified the +1 pair of boots "Sunt" {+Inv} (You acquired it on level 1 of the Depths)
 50859 | Depths:1 | Received a gift from Trog
 50942 | Depths:1 | Found Liawkar's Blood Bar.
 51409 | Depths:1 | Found a gateway to Hell.
 51411 | Depths:1 | Found a one-way gate leading to the halls of Pandemonium.
 52006 | Depths:2 | Paralysed by a vampire knight for 7 turns
 52055 | Depths:2 | Blown up by a lich

Skill      XL: |  1  2  3  4  5  6  7  8  9 10 11 12 13 14 15 16 17 18 19 20 21 |
---------------+----------------------------------------------------------------+-----
Axes           | 4 5 6 7 9 11 12 14 16 17 19 20 21 22 23 25 26 | 26.6
Fighting       | 4 5 6 7 8 9 11 12 13 14 15 16 17 18 19 20 | 20.2
Armour         | 3 4 5 6 8 9 10 11 13 14 15 16 17 18 19 20 | 20.2
Dodging        | 3 4 5 6 7 8 10 11 12 13 14 15 16 17 18 | 18.8

Action                   |  1- 3 |  4- 6 |  7- 9 | 10-12 | 13-15 | 16-18 | 19-21 || total
-------------------------+-------+-------+-------+-------+-------+-------+-------++-------
Melee: Hand axe          |    84 |   107 |   129 |       |       |       |       ||   320
       Headbutt          |    10 |    23 |    57 |   106 |   319 |   334 |   358 ||  1207
       War axe           |       |       |   199 |   555 |   291 |   107 |       ||  1152
       Battleaxe         |       |       |       |       |  1074 |   430 |   385 ||  1889
       Broad axe         |       |       |       |       |       |     2 |       ||     2
       Executioner's axe |       |       |       |       |       |   766 |   770 ||  1536
Invok: Berserk           |       |     2 |     3 |     3 |     4 |     1 |       ||    13
       Trog's Hand       |       |     1 |     6 |     5 |    15 |    10 |    12 ||    49
       Burn Spellbooks   |       |       |       |       |       |     3 |     5 ||     8
Evoke: Wand              |       |       |       |       |     8 |     2 |     7 ||    17
  Use: Scroll            |       |     7 |     5 |     6 |    12 |     7 |     4 ||    41
       Potion            |       |       |       |     1 |     2 |     7 |     3 ||    13
 Stab: Held in net/web   |       |       |       |       |       |     1 |       ||     1
       Distracted        |       |       |       |       |       |       |     1 ||     1
  Eat: Chunk             |     1 |     8 |    16 |    23 |    46 |    30 |    31 ||   155
       Ration            |       |       |       |     1 |     2 |     8 |     1 ||    12
Armor: Animal skin       |     5 |       |       |       |       |       |       ||     5
       Leather armour    |    29 |    21 |       |       |       |       |       ||    50
       Chain mail        |       |    15 |   179 |    13 |       |       |       ||   207
       Ring mail         |       |       |     1 |       |       |       |       ||     1
       Plate armour      |       |       |       |   301 |   596 |   863 |   376 ||  2136
Dodge: Dodged            |    76 |    41 |   175 |   300 |   733 |  1093 |   592 ||  3010
       Deflected         |       |       |       |       |     7 |    18 |    51 ||    76
Block: Other             |       |       |       |    43 |   123 |   160 |    69 ||   395
       Reflection        |       |       |       |       |     3 |     1 |     7 ||    11
